 Dungeon Crawl Stone Soup version 0.31-a0-221-gbddc013574 (webtiles) character file.

Game seed: 1139408180328329061

39 qw the Shooter (level 3, -2/29 HPs)
             Began as a Minotaur Hexslinger on July 4, 2023.
             Slain by Grinder (3 damage)
             ... while paralysed by Grinder
             ... on level 3 of the Dungeon.
             The game lasted 00:00:28 (1259 turns).

qw the Shooter (Minotaur Hexslinger)                Turns: 1259, Time: 00:00:29

Health: -2/29      AC:  5    Str: 12    XL:     3   Next: 26%
Magic:  3/3        EV:  2    Int: 10    God:
Gold:   69         SH:  0    Dex: 14    Spells: 3/4 levels left

rFire   . . .        Y - +1 sling
rCold   . . .        (no shield)
rNeg    . . .        d - +0 ring mail
rPois   .            (helmet restricted)
rElec   .            (no cloak)
rCorr   .            (no gloves)
SInv    +            (no boots)
Will    .....        (no amulet)
Stlth   +            b - ring of see invisible
HPRegen 0.24/turn    (no ring)
MPRegen 0.08/turn

%: no passive effects
@: paralysed
A: horns 2, retaliatory headbutt
a: no special abilities


You were on level 3 of the Dungeon.
You visited 1 branch of the dungeon, and saw 3 of its levels.

You collected 69 gold pieces.


Innate Abilities, Weirdness & Mutations

You have a pair of horns on your head.
You reflexively headbutt those who attack you in melee.


   Skills:
 - Level 2.0 Fighting
 + Level 3.9 Ranged Weapons
 - Level 2.1 Dodging
 - Level 1.0 Spellcasting
 - Level 2.0 Hexes


You had 3 spell levels left.
You knew the following spells:

 Your Spells              Type           Power      Damage    Failure   Level
a - Slow                  Hex            16%        N/A       34%         1

Your spell library contained the following spells:

 Spells                   Type           Power      Damage    Failure   Level
 Inner Flame              Hex/Fire       2%         N/A       83%         3
 Portal Projectile        Hex/Tloc       4%         N/A       83%         3
 Cause Fear               Hex            2%         N/A       98%         4

Inventory:

Hand Weapons
 Y - a +1 sling (weapon)
Armour
 d - a +0 ring mail (worn)
Jewellery
 b - a ring of see invisible (left hand)
Potions
 a - a potion of brilliance {unknown}
 g - a potion of curing
 h - a potion of heal wounds {unknown}

Dungeon Overview and Level Annotations

Branches:
Dungeon (3/15)

Altars:

Annotations:
D:3 Grinder


Message History

You shoot a sling bullet. The sling bullet hits Grinder.
Grinder is moderately wounded.
Grinder blinks!
You shoot a sling bullet. The sling bullet barely misses Grinder.
Grinder blinks!
You shoot a sling bullet. The sling bullet hits Grinder.
Grinder is moderately wounded.
You shoot a sling bullet. The sling bullet barely misses Grinder.
You shoot a sling bullet.
The sling bullet closely misses Grinder.
Grinder completely misses you. You furiously retaliate!
You headbutt Grinder!
Grinder blinks!
You shoot a sling bullet.
The sling bullet closely misses Grinder.
Grinder blinks!
You shoot a sling bullet. The sling bullet hits Grinder.
Grinder is heavily wounded.
You shoot a sling bullet.
The sling bullet closely misses Grinder.
Grinder blinks!
You shoot a sling bullet. The sling bullet hits Grinder.
Grinder is severely wounded.
Grinder misses you.
You shoot a sling bullet. The sling bullet hits Grinder.
Grinder is severely wounded.
Grinder gestures at you. You resist with significant effort.
You shoot a sling bullet. The sling bullet hits Grinder.
Grinder is severely wounded.
Grinder gestures at you. Pain shoots through your body!
You shoot a sling bullet.
The sling bullet closely misses Grinder.
Grinder gestures at you.
You suddenly lose the ability to move!
Grinder gestures at you.
You shrug off the repeated paralysis!
Grinder hits you! x2
You writhe in agony.
You die...

### #.. #.# #.#
#######.####
......5@...#
...........#
...........#
...........#
...........#
...........#
...........#
...........#
######.###########


You could see Grinder.

Vanquished Creatures
  A dart slug (D:2)
  8 ball pythons
  4 endoplasms
  2 goblins
  4 hobgoblins (D:1)
  3 jackals (D:1)
  3 kobolds
  2 bats
  4 frilled lizards
  3 rats (D:1)
  2 butterflies (D:1)
36 creatures vanquished.

Notes
Turn   | Place    | Note
-------+----------+-------------------------------------------
     0 | D:1      | qw the Minotaur Hexslinger began the quest for the Orb.
     0 | D:1      | Reached XP level 1. HP: 16/16 MP: 1/1
     0 | D:1      | 0 ||| qw: Version: 0.3-a-41-g9d075ac
     0 | D:1      | 0 ||| qw: Game counter: 698
     0 | D:1      | 0 ||| qw: Melee chars always use a shield: true
     0 | D:1      | 0 ||| qw: God list: Okawaru
     0 | D:1      | 0 ||| qw: Allow faded altars: false
     0 | D:1      | 0 ||| qw: Do Orc after clearing Dungeon:15 true
     0 | D:1      | 0 ||| qw: Do second Lair branch before Depths: true
     0 | D:1      | 0 ||| qw: Lair rune preference: random
     0 | D:1      | 0 ||| qw: Goals: Normal
     0 | D:1      | 0 ||| PLANNING D:1-11
   170 | D:1      | Reached skill level 3 in Ranged Weapons
   170 | D:1      | Reached XP level 2. HP: 23/23 MP: 2/2
   221 | D:1      | HP: 5/23 [jackal (1)]
   223 | D:1      | HP: 2/24 [constriction (1)]
   419 | D:1      | 419 ||| UPGRADING to +0 ring mail.
   460 | D:1      | 460 ||| DROPPING +0 robe.
   680 | D:1      | 680 ||| READING scroll labelled GEPNAH NYUNTU.
   681 | D:1      | 681 ||| READING scroll labelled ZUILYA ZO WIUWN.
   685 | D:1      | 685 ||| READING scroll labelled QICLUN DEHIRI.
   686 | D:1      | 686 ||| DRINKING 2 fizzy yellow potions.
   687 | D:1      | 687 ||| DROPPING scroll of poison.
   707 | D:2      | 707 ||| STAIRDANCE
   783 | D:2      | Reached XP level 3. HP: 29/29 MP: 3/3
  1196 | D:2      | 1196 ||| UPGRADING to ring of see invisible.
  1241 | D:3      | Noticed Grinder
  1257 | D:3      | Paralysed by Grinder for 5 turns
  1259 | D:3      | HP: 1/29 [Grinder (7)]
  1259 | D:3      | Slain by Grinder

Levels and vault maps discovered:
D:1:      dpeg_arrival_rooms_b, layout_rooms, hangedman_glass_garden,
          minmay_cut_off
D:2:      layout_basic
D:3:      layout_basic, uniq_grinder

Skill      XL: |  1  2 |
---------------+-------+-----
Ranged Weapons | 3 |  3.9
Fighting       | 2 |  2.0
Dodging        | |  2.1
Spellcasting   | |  1.0
Hexes          | |  2.0

Action                     || total
---------------------------++-------
   Fire: Sling             ||   114
    Use: Scroll            ||     3
         Potion            ||     1
 Armour: Robe              ||    14
         Ring mail         ||     7
  Dodge: Dodged            ||    46

Table legend:
 A = Non-vault XP
 B = Vault XP
 C = Vault XP percentage of total XP
 D = Non-vault monster count
 E = Vault monster count
 F = Vault count percentage of total count
                 A         B        C        D         E       F
            +---------+---------+-------+---------+---------+-------
      Total |      54 |       2 |   3.6 |      32 |       2 |   5.9
            +---------+---------+-------+---------+---------+-------
        D:1 |      37 |       2 |   5.1 |      22 |       2 |   8.3
        D:2 |      17 |       0 |   0.0 |      10 |       0 |   0.0
            +---------+---------+-------+---------+---------+-------
